AoeStats
← Cactus Lady

Arabia

504133037Analyzed
4v4 RM · 28d ago on Sep 4, 2026· 33m 56s· 8 players
Game mode
Random Map
Map size
Large (8 player)
Population
200
Speed
Normal
Resources
Standard
Victory
Conquest
Starting age
Dark Age
Ending age
Imperial Age
RankedLock teamsTeams togetherTeam positionsShared explorationLock speedFull tech treeHidden civsTurbo modeCheats
Victory
Defeat
🇺🇾 Dravidians · Uruguay
1269
+12
🇨🇴 Teutons · Colombia
1204
+15
🇦🇷 Spanish · Argentina
1146
+18
🇦🇺 Poles · Australia
1113
+19
🇺🇸 Japanese · United States
1495
-28
🇦🇷 Vietnamese · Argentina
1160
-15
🇺🇸 Franks · United States
1131
-14
🇺🇸 Wu · United States
947
-7
Cactus Lady
1:49 Loom
10:57 Feudal Age
22:53 Castle Age
22:28 Scale Barding Armor
22:33 Forging
23:14 Double-Bit Axe
Christus Dominus Est
7:24 Loom
9:23 Feudal Age
11:09 Double-Bit Axe
12:37 Town Watch
15:28 Fletching
23:26 Castle Age
21:56 Padded Archer Armor
23:14 Gold Mining
23:06 Horse Collar
24:04 Bloodlines
24:38 Crossbowman
27:22 Thumb Ring
27:36 Bodkin Arrow
32:00 Husbandry
32:52 Gold Shaft Mining
EL LEON
0:28 Loom
12:51 Feudal Age
18:54 Castle Age
17:38 Double-Bit Axe
17:41 Horse Collar
20:45 Gold Mining
23:07 Bow Saw
31:11 Bloodlines
31:01 Husbandry
33:07 Forging
32:30 Crossbowman
RiGuy
8:39 Loom
12:05 Feudal Age
12:28 Loom
Caballero Cruzado
1:49 Loom
3:05 Loom
6:13 Loom
9:16 Feudal Age
10:30 Double-Bit Axe
17:57 Forging
17:53 Scale Barding Armor
21:30 Bloodlines
26:06 Castle Age
25:15 Wheelbarrow
24:54 Gold Mining
27:16 Chain Barding Armor
27:31 Iron Casting
Paco
6:57 Loom
10:04 Feudal Age
25:18 Padded Archer Armor
27:06 Fletching
32:48 Castle Age
32:59 Crossbowman
33:45 Thumb Ring
33:42 Bodkin Arrow
34:05 Leather Archer Armor
33:17 Elite Skirmisher
LucasViola27
6:11 Loom
9:41 Feudal Age
14:46 Horse Collar
15:29 Double-Bit Axe
20:53 Castle Age
20:04 Bloodlines
20:11 Scale Barding Armor
20:16 Forging
21:44 Bow Saw
21:53 Husbandry
22:10 Heavy Plow
23:53 Chain Barding Armor
23:43 Forging
24:12 Forging
35:10 Wheelbarrow
34:20 Town Watch
theonlygriffin
8:00 Loom
10:46 Feudal Age
11:48 Double-Bit Axe
12:25 Horse Collar
19:34 Bloodlines
23:42 Scale Barding Armor
23:28 Fletching
27:42 Castle Age
26:03 Scale Barding Armor
26:54 Gold Mining
28:30 Pikeman
29:16 Husbandry
28:39 Light Cavalry
30:10 Szlachta Privileges
30:52 Bow Saw
32:06 Squires
32:07 Scale Mail Armor
32:17 Forging
32:58 Heavy Plow
Connection lost

Rejoining the realm…

Still unreachable

The connection could not be restored.

Session expired

The server has moved on; the page needs a fresh start.